Description

Economic build, using hellions for map control to deny creep.

VOD

https://www.youtube.com/watch?v=94Ck-JPkp9w

Build Order

Why is there no SALT encoding or Overwolf build?

  14    Supply Depot  
  16    Barracks  
  16    Refinery  
  20    Orbital Command  
  20    Command Center  
  22    Supply Depot  
  23    Factory  
  23    Refinery  
  24  2:20  Barracks Reactor  no marine production
  26  2:52  Starport  
  27    Barracks Tech Lab  switch factory, barracks
  31  3:15  Supply Depot  
  36  3:27  Barracks Tech Lab  still no marine production
  40  3:32  Viking  
  48    Stimpack  
  51  4:10  Liberator  
  55  4:14  Command Center  
  57    Barracks  
  57    Barracks  start marine production ~4:40
  62  4:50  Engineering Bay x2  
  64    Siege Tank  
  62  4:55  Refinery x2  
Spawning Tool Build Advisor. Get it on Overwolf

Go to:

Details

  • Created by: genuine
  • Published on: Mar 14, 2018
  • Modified on: Mar 14, 2018
  • Patch: 4.0.0
Show

Export as new Build Order

Comments (0)

There are no comments. Be the first!

Create an account to comment!